 Dungeon Sprint DCSS version 0.20.1-1-g8b1a95d (webtiles) character file.

361 potatolord6000 the Evangelist (level 6, -2/60 HPs)
             Began as a Hill Orc Fire Elementalist on Sept 1, 2017.
             Was an Elder of Beogh.
             Slain by a hobgoblin
             ... wielding a +0 club
              (4 damage)
             ... in the Dungeon (Sprint VII: "The Pits").
             The game lasted 00:07:16 (849 turns).

potatolord6000 the Evangelist (HOFE)                 Turns: 849, Time: 00:07:17

Health: -2/60      AC:  2    Str: 12    XL:     6   Next: 66%
Magic:  1/11       EV: 12    Int: 16    God:    Beogh [****..]
Gold:   0          SH:  0    Dex: 11    Spells: 2/8 levels left

rFire    . . .     SeeInvis .   d - +3 hand axe (chop)
rCold    . . .     Gourm    .   (no shield)
rNeg     . . .     Faith    .   a - +0 robe
rPois    .         Spirit   .   (no helmet)
rElec    .         Reflect  .   (no cloak)
rCorr    .         Harm     .   (no gloves)
MR       .....     NoTele   +   (no boots)
Stlth    ++........             (no amulet)
Regen    0.2/turn               (no ring)
MPRegen  0.2/turn               (no ring)

@: very slightly contaminated
A: no striking features
a: Smiting, Recall Orcish Followers, Renounce Religion


You were in the Dungeon.
You worshipped Beogh.
Beogh was greatly pleased with you.
You were hungry.

You visited 1 branch

Inventory:

Hand Weapons
 d - a +3 hand axe of chopping (weapon)
Armour
 a - a +0 robe (worn)
Scrolls
 l - 3 scrolls of remove curse
 m - 5 scrolls of amnesia
Potions
 e - a potion of heal wounds
 f - 5 potions of curing
 g - 2 potions of magic
 h - 2 potions of berserk rage
Books
 b - a book of Flames

   Spells                             Type                      Level
   a - Flame Tongue                   Conjuration/Fire             1
   b - Throw Flame                    Conjuration/Fire             2
   c - Conjure Flame                  Conjuration/Fire             3
   d - Inner Flame                    Hexes/Fire                   3
   e - Sticky Flame                   Conjuration/Fire             4
   f - Fireball                       Conjuration/Fire             5
Comestibles
 c - 8 bread rations
 o - 40 fruits
 p - 7 meat rations


   Skills:
 + Level 7.1 Fighting
 + Level 7.7 Axes
 - Level 1.8 Armour
 - Level 1.5 Dodging
 - Level 1.5 Stealth
 - Level 1.7 Spellcasting
 + Level 6.0 Conjurations
 + Level 7.4 Fire Magic
 + Level 7.7 Invocations


You had 2 spell levels left.
You knew the following spells:

 Your Spells              Type           Power        Failure   Level  Hunger
a - Flame Tongue          Conj/Fire      ###..        1%          1    ##.....
b - Throw Flame           Conj/Fire      ###...       1%          2    ###....
c - Conjure Flame         Conj/Fire      ###.....     4%          3    ####...


Dungeon Overview and Level Annotations

Branches:
Dungeon (1/1)

Altars:
Ashenzari
Cheibriados
Dithmenos
Elyvilon
Fedhas
Gozag
Hepliaklqana
Kikubaaqudgha
Makhleb
Nemelex Xobeh
Okawaru
Qazlal
Ru
Sif Muna
Trog
Uskayaw
Vehumet
Xom
Yredelemnul
Zin
The Shining One
Beogh
Jiyva
Lugonu

Annotations:
D Sigmund


Message History

Casting: Flame Tongue
Confirm with . or Enter, or press ? or * to list all spells.
Aiming: Flame Tongue
Press: ? - help, Shift-Dir - straight line, f/p - wight
Aim: a wight, wielding a morningstar and wearing a robe (severely damaged)
The flame tongue misses the wight.
The hobgoblin hits you with a club.
* * * LOW HITPOINT WARNING * * *
Unknown command.
Unknown command.
You closely miss the hobgoblin. The hobgoblin hits you with a club.
* * * LOW HITPOINT WARNING * * *
Unknown command.
Unknown command.
You closely miss the hobgoblin. The hobgoblin barely misses you.
Unknown command.
Unknown command.
You hit the hobgoblin.
The hobgoblin is heavily wounded.
The hobgoblin hits you with a club.
You die...

#g.......÷..'[.)....
#g#####'#####......#
#.#..#.)#..##.......
#g#..'..'..#####+###
#.##'####g###.......
#g#........##.......
#.#........##.......
#.#####'#####...<...
#)#@§z)))[.##.......
#.#.g.)))[.##.......
#{###########.......


#zz ######## #zz. ##g#. ...z .# #g .. .g You could see a wight and a hobgoblin.

Vanquished Creatures
  A fire bat (D)
  A gnoll sergeant (D)
  A wight (D)
  4 gnolls (D)
  An adder (D)
  A river rat (D)
  An ufetubus (D)
  A leopard gecko (D)
  A bat skeleton (D)
  A hobgoblin (D)
  A ball python (D)
  2 bats (D)
  A leopard gecko skeleton (D)
17 creatures vanquished.

Vanquished Creatures (collateral kills)
  A gnoll sergeant (D)
  A gnoll (D)
2 creatures vanquished.

Grand Total: 19 creatures vanquished

Notes
Turn   | Place    | Note
-------+----------+-------------------------------------------
     0 | D        | potatolord6000 the Hill Orc Fire Elementalist began the quest for the Orb.
     0 | D        | Reached XP level 1. HP: 14/14 MP: 3/3
    60 | D        | Found a bloodstained altar of Trog.
    60 | D        | Found a deep blue altar of Sif Muna.
    60 | D        | Found a viscous altar of Jiyva.
    60 | D        | Found a hazy altar of Hepliaklqana.
    60 | D        | Found an opulent altar of Gozag.
    61 | D        | Found a glowing golden altar of the Shining One.
    61 | D        | Found a glowing silver altar of Zin.
    61 | D        | Found a basalt altar of Yredelemnul.
    61 | D        | Found a shimmering altar of Xom.
    61 | D        | Found a sacrificial altar of Ru.
    61 | D        | Found a stormy altar of Qazlal.
    61 | D        | Found an iron altar of Okawaru.
    61 | D        | Found a sparkling altar of Nemelex Xobeh.
    61 | D        | Found a burning altar of Makhleb.
    61 | D        | Found a blossoming altar of Fedhas.
    61 | D        | Found a white marble altar of Elyvilon.
    61 | D        | Found a shadowy altar of Dithmenos.
    61 | D        | Found a snail-covered altar of Cheibriados.
    64 | D        | Found a corrupted altar of Lugonu.
    64 | D        | Found a radiant altar of Vehumet.
    64 | D        | Found a roughly hewn altar of Beogh.
    65 | D        | Found an ancient bone altar of Kikubaaqudgha.
    65 | D        | Found a hide-covered altar of Uskayaw.
    65 | D        | Found a shattered altar of Ashenzari.
    75 | D        | Became a worshipper of Beogh the Brigand
   100 | D        | Reached skill level 1 in Fighting
   100 | D        | Reached skill level 1 in Armour
   262 | D        | Reached skill level 1 in Axes
   262 | D        | Reached skill level 1 in Invocations
   262 | D        | Reached XP level 2. HP: 15/24 MP: 0/4
   272 | D        | Reached * piety under Beogh
   381 | D        | Learned a level 2 spell: Throw Flame
   386 | D        | Reached XP level 3. HP: 25/30 MP: 0/5
   387 | D        | Noticed a gnoll sergeant
   398 | D        | Reached ** piety under Beogh
   417 | D        | Killed a gnoll sergeant
   417 | D        | Reached skill level 5 in Fire Magic
   417 | D        | Reached XP level 4. HP: 11/40 MP: 0/7
   421 | D        | Reached *** piety under Beogh
   726 | D        | Learned a level 3 spell: Conjure Flame
   783 | D        | Noticed a gnoll sergeant
   784 | D        | Noticed Sigmund
   787 | D        | Noticed a fire bat
   796 | D        | Reached skill level 5 in Fighting
   796 | D        | Reached skill level 5 in Axes
   796 | D        | Reached skill level 5 in Invocations
   796 | D        | Reached XP level 5. HP: 46/48 MP: 0/9
   797 | D        | Reached **** piety under Beogh
   811 | D        | HP: 3/72 [fire bat (9)]
   812 | D        | Killed a fire bat
   812 | D        | Reached skill level 5 in Conjurations
   812 | D        | Reached XP level 6. HP: 4/58 MP: 2/11
   847 | D        | HP: 2/60 [hobgoblin/club (2)]
   849 | D        | Slain by a hobgoblin

Skill      XL: |  1  2  3  4  5  6 |
---------------+-------------------+-----
Fighting       | 1 2 4 5 6 7 |  7.1
Armour         | 1 |  1.8
Axes           | 1 2 4 5 7 |  7.7
Invocations    | 1 2 4 5 7 |  7.7
Conjurations   | 2 3 4 5 6 |  6.0
Fire Magic     | 4 5 7 |  7.4
Dodging        | |  1.5
Stealth        | |  1.5
Spellcasting   | |  1.7

Action                   |  1- 3 |  4- 6 || total
-------------------------+-------+-------++-------
Melee: Hand axe          |    19 |    17 ||    36
       Unarmed           |     2 |       ||     2
 Cast: Flame Tongue      |    12 |     9 ||    21
       Throw Flame       |     1 |     1 ||     2
       Conjure Flame     |       |     4 ||     4
Invok: Smiting           |       |     3 ||     3
  Use: Potion            |     5 |     7 ||    12
       Scroll            |     2 |       ||     2
 Stab: Invisible         |     1 |       ||     1
Armor: Robe              |    12 |     4 ||    16
Dodge: Dodged            |    45 |    20 ||    65
